 Dungeon Crawl Stone Soup version 0.29.0-11-gd7f09526c8 (webtiles) character file.

Game seed: 5534386694142306549

1705 Zeldest the Magician (level 9, -1/66 HPs)
             Began as a Djinni Fire Elementalist on Sept 4, 2022.
             Was a Follower of Makhleb.
             Slain by a yak (16 damage)
             ... on level 5 of the Dungeon.
             The game lasted 00:09:20 (6275 turns).

Zeldest the Magician (Djinni Fire Elementalist)     Turns: 6275, Time: 00:09:21

Health: -1/66      AC:  2    Str:  7    XL:     9   Next: 23%
Gold:   320        EV: 19    Int: 20    God:    Makhleb [*.....] SH:  0 Dex: 20

rFire   + . .      SeeInvis .   (weapon currently unavailable)
rCold   . . .      Faith    .   (shield currently unavailable)
rNeg    . . .      Spirit   .   (body armour currently unavailable)
rPois   ∞          Reflect  .   (helmet currently unavailable)
rElec   .          Harm     .   (cloak currently unavailable)
rCorr   .          Rampage  .   (gloves currently unavailable)
Will    .....                   (boots unavailable)
Stlth   ++........              (no amulet)
HPRegen 0.21/turn               r - ring of protection from fire
MPRegen 0.00/turn               (no ring)

@: spider-form (expiring), flying
A: venomous fangs, flying, sickness immunity, tiny, (fire resistance 2), (cold
vulnerability 1), float, innate caster, HP casting, extra vitality 1
a: End Transformation, Renounce Religion


You were on level 5 of the Dungeon.
You worshipped Makhleb.
Makhleb was aware of your devotion.
You were a venomous arachnid creature.
You visited 1 branch of the dungeon, and saw 6 of its levels.

You collected 320 gold pieces.

Inventory:

Hand Weapons
 q - a +2 whip of electrocution
Armour
 a - a +0 robe (melded)
Magical Staves
 g - a staff of cold (melded)
Jewellery
 n - a ring of fire
 r - a ring of protection from fire (left front leg)
Wands
 j - a wand of iceblast (9)
 m - a wand of flame (15)
 w - a wand of mindburst (11)
Scrolls
 d - 6 scrolls of teleportation {unknown}
 e - a scroll of blinking {unknown}
 i - 3 scrolls of fear {unknown}
 k - 2 scrolls of magic mapping {unknown}
 p - 5 scrolls of identify {unknown}
 s - a scroll of enchant armour {unknown}
 u - a scroll of noise {unknown}
 x - a scroll of brand weapon {unknown}
Potions
 b - 2 potions of brilliance {unknown}
 f - a potion of flight {unknown}
 h - a potion of magic {unknown}
 l - a potion of haste {unknown}
 o - a potion of ambrosia {unknown}
 t - a potion of heal wounds {unknown}
 v - a potion of cancellation {unknown}


   Skills:
 + Level 6.3 Fighting
 - Level 2.1 Dodging
 - Level 1.5 Stealth
 * Level 7.5 Spellcasting


You had one spell level left.
You knew the following spells:

 Your Spells              Type           Power      Damage    Failure   Level
a - Foxfire               Conj/Fire      100%       2x1d9     3%          1
b - Scorch                Fire           74%        2d9       4%          2
c - Call Canine Familiar  Summ           37%        N/A       6%          3
d - Inner Flame           Hex/Fire       37%        N/A       6%          3
e - Flame Wave            Conj/Fire      37%        2d10      13%         4
f - Poisonous Vapours     Pois/Air       74%        N/A       4%          2
g - Freeze                Ice            100%       1d11      3%          1
h - Conjure Flame         Conj/Fire      37%        6-21      6%          3
i - Spider Form           Tmut/Pois      37%        N/A       6%          3
Your spell library was empty.

Dungeon Overview and Level Annotations

Branches:
Dungeon (6/15)             Temple (0/1) D:4

Altars:
Makhleb
Uskayaw


Innate Abilities, Weirdness & Mutations

You are a venomous arachnid creature.
You have poisonous fangs.
You are tiny and dextrous.
You are flying.
Your spellcasting is less reliable in this form.
Your armour is entirely melded.
You are incapable of wielding weapons or throwing items.
You are immune to sickness and miasma.
You are immune to poison.
((Your flesh is very heat resistant. (rF++)))
((You are vulnerable to cold. (rC-)))
You float through the air rather than walking.
You learn spells naturally, not from books.
Your magical power is your life essence.
You have superior vitality. (+4 MHP)


Message History

The adder misses you. The yak gores you!
* * * LOW HITPOINT WARNING * * *
The yak closely misses you. The orc hits you with a +0 mace.
* * * LOW HITPOINT WARNING * * *
A wave of flame ripples out!
The flame wave engulfs the yak!
The yak is heavily wounded.
The flame wave engulfs the orc!!
You kill the orc!
Makhleb accepts your kill.
The flame wave engulfs the adder!
You kill the adder!
Makhleb accepts your kill.
You feel better.
The flame wave engulfs the yak!
The yak is heavily wounded.
* * * LOW HITPOINT WARNING * * *
The yak completely misses you. The yak gores you!
* * * LOW HITPOINT WARNING * * *
Okay, then.
You feel better. The yak barely misses you. The yak gores you.
* * * LOW HITPOINT WARNING * * *
You feel better. The yak misses you. The yak barely misses you.
Casting: Flame Wave (dangerous; 4% risk of failure)
Confirm with . or Enter, or press ? or * to list all spells.
Okay, then.
Casting: Flame Wave (dangerous; 4% risk of failure)
Confirm with . or Enter, or press ? or * to list all spells.
You turn into a venomous arachnid creature.
Your staff of cold melds into your body.
Your +0 robe melds into your body.
* * * LOW HITPOINT WARNING * * *
The yak completely misses you. The yak barely misses you.
Your magical contamination has completely faded away.
You see here a hound corpse.
The yak misses you. The yak attacks as you move away! The yak gores you.
* * * LOW HITPOINT WARNING * * *
The yak attacks as you move away! The yak barely misses you.
Your transformation is almost over.
The yak attacks as you move away! The yak gores you!
You die...

#..# ###.##### ##.## #..#
##.......###..#
#..###..........#.##
#..##.............#
#..##..........#..#
#..#......†......##
#..#......>...#..#
#........).†Y...#####
####...........Ys......#####
............##..####.......#####
.####.#...#...### ######......##
## #####...### #####.... # #####
#####


You could see 2 yaks.

Vanquished Creatures
  Grinder (D:3)
  Sigmund (D:2)
  Duvessa (D:4)
  An ogre (D:2)
  3 phantoms
  3 necrophages
  Dowan (D:4)
  A hound (D:5)
  3 orc priests (D:4)
  Ijyb (D:3)
  An iguana (D:5)
  6 orc wizards
  6 gnolls
  7 adders
  2 worms (D:2)
  A dart slug (D:5)
  11 orcs
  4 bats
  3 endoplasms
  2 giant cockroaches
  13 goblins
  11 hobgoblins
  4 jackals
  4 quokkas
  4 ball pythons
  5 frilled lizards
  4 kobolds
  4 rats
108 creatures vanquished.

Vanquished Creatures (collateral kills)
  2 ogres (D:5)
  2 dart slugs
  A jackal (D:2)
5 creatures vanquished.

Vanquished Creatures (others)
  A human (D:4)
  219 foxfires
220 creatures vanquished.

Grand Total: 333 creatures vanquished

Notes
Turn   | Place    | Note
-------+----------+-------------------------------------------
     0 | D:1      | Zeldest the Djinni Fire Elementalist began the quest for
                  | the Orb.
     0 | D:1      | Zeldest set off with the following spells memorised:
                  | Foxfire, Scorch, Conjure Flame, Inner Flame, Flame Wave.
     0 | D:1      | Reached XP level 1. HP: 15/15 MP: 0/0
   368 | D:1      | Reached XP level 2. HP: 19/22 MP: 0/0
   583 | D:1      | Found a faded altar of an unknown god.
   854 | D:1      | Reached skill level 1 in Fighting
  1284 | D:1      | Reached XP level 3. HP: 25/27 MP: 0/0
  1284 | D:1      | Learned a level 1 spell: Freeze
  1495 | D:2      | Reached skill level 3 in Spellcasting
  1562 | D:2      | Noticed an ogre
  1571 | D:2      | Killed an ogre
  1572 | D:2      | Reached XP level 4. HP: 7/34 MP: 0/0
  1572 | D:2      | Reached XP level 5. HP: 8/39 MP: 0/0
  1572 | D:2      | Learned a level 2 spell: Poisonous Vapours
  1987 | D:2      | Noticed a phantom
  1993 | D:2      | Killed a phantom
  1994 | D:2      | Reached skill level 4 in Spellcasting
  1994 | D:2      | Reached XP level 6. HP: 31/45 MP: 0/0
  2200 | D:2      | Noticed Sigmund
  2205 | D:2      | Killed Sigmund
  2206 | D:2      | Reached XP level 7. HP: 40/50 MP: 0/0
  2206 | D:2      | Learned a level 3 spell: Call Canine Familiar
  2950 | D:3      | Noticed Grinder
  2976 | D:3      | Killed Grinder
  2977 | D:3      | Reached skill level 5 in Spellcasting
  3313 | D:3      | Noticed Ijyb
  3320 | D:3      | Killed Ijyb
  3642 | D:4      | Reached XP level 8. HP: 53/58 MP: 0/0
  3828 | D:4      | Found a burning altar of Makhleb.
  3839 | D:4      | Became a worshipper of Makhleb the Destroyer
  3870 | D:4      | Found a staircase to the Ecumenical Temple.
  4001 | D:4      | Reached skill level 6 in Spellcasting
  4297 | D:4      | Noticed a human
  4299 | D:4      | Killed a human
  4416 | D:4      | Noticed Dowan
  4429 | D:4      | Reached skill level 5 in Fighting
  4443 | D:4      | Noticed Duvessa
  4450 | D:4      | Killed Duvessa
  4452 | D:4      | Killed Dowan
  4771 | D:4      | Found a hide-covered altar of Uskayaw.
  5087 | D:5      | Entered Level 5 of the Dungeon
  5660 | D:5      | Reached skill level 7 in Spellcasting
  5660 | D:5      | Reached XP level 9. HP: 54/66 MP: 0/0
  5660 | D:5      | Learned a level 3 spell: Spider Form
  5859 | D:5      | Reached * piety under Makhleb
  6268 | D:5      | HP: 2/66 [yak (7)]
  6275 | D:5      | Slain by a yak

Illustrated notes

Levels and vault maps discovered:
D:1:      mainiacjoe_arrival_reflecting_pool, layout_loops_ring,
          ebering_ecumenical_altar_ruins
D:2:      layout_basic, cheibrodos_gnoll_hut, uniq_sigmund
D:3:      kennysheep_goblin_castle, layout_rooms, uniq_grinder
D:4:      layout_cave_pods, tgw_kikubaaqudgha, mainiacjoe_overflow_brackets,
          nicolae_uskayaw_dance_hall, temple_pool_b,
          kennysheep_cross_bottleneck, uniq_duvessa
D:5:      layout_cave_pods
D:6:      layout_basic, serial_shops, nicolae_shop_statue_plus,
          kennysheep_small_square, uniq_pikel

Skill      XL: |  1  2  3  4  5  6  7  8  9 |
---------------+----------------------------+-----
Fighting       | 1 2 3 4 5 6 |  6.3
Spellcasting   | 3 4 5 7 |  7.5
Dodging        | |  2.1
Stealth        | |  1.5

Action                   |  1- 3 |  4- 6 |  7- 9 || total
-------------------------+-------+-------+-------++-------
 Cast: Foxfire           |    49 |    17 |    62 ||   128
       Scorch            |    16 |     7 |    74 ||    97
       Flame Wave        |       |     1 |     4 ||     5
       Poisonous Vapours |       |     3 |    19 ||    22
       Call Canine Famil |       |       |    10 ||    10
       Inner Flame       |       |       |     2 ||     2
       Conjure Flame     |       |       |     1 ||     1
       Freeze            |       |       |     1 ||     1
       Spider Form       |       |       |     1 ||     1
  Use: Potion            |       |       |     3 ||     3
Armor: Robe              |       |     1 |     5 ||     6
Dodge: Dodged            |     1 |       |    32 ||    33
